cohdb
Replays
Latest Replays
All Replays
Popular Replays
Top Player Replays
Match Explorer
How It Works
Community
CoH3 Stats
Reddit
Sign in to upload your games and track your stats! →
Sign in with Steam
Match 45504454
Unlisted
Match 45504454
Overview
Messages
Build Orders
End
Construct Infanterie Kompanie
Pioneer Squad
MG 42 Machine Gun Team
Selects Terror Battlegroup
Selects Machine Gun Camouflage
MG 42 Machine Gun Team
GrW 34 Mortar Team
GrW 34 Mortar Team
Construct Panzergrenadier Kompanie
Pak 40 Anti-tank Gun Team
Medical Bunker
Construct Panzer Kompanie
Stoßtruppen Squad
Sturmpanzer IV Brummbär
Selects No Quarter
Pak 40 Anti-tank Gun Team
Panzer IV Medium Tank
Stoßtruppen Squad
Pioneer Squad
251 Medium Carrier
Side Skirts
Panzer IV Medium Tank
I.S.M.A.I.L
kingdom
Knight
Say! my! name!
wila
LittleFatty233
BieTaMaShuoYingYu
[VN]Tôi thích tỉnh lạng s
0
0
Comments
sign in to comment!
No comments posted yet!